 Dungeon Crawl Stone Soup version 0.28.0 (webtiles) character file.

Game seed: 267121773727432353

504 croobank the Chopper (level 7, -6/66 HPs)
             Began as a Hill Orc Fighter on Feb 16, 2022.
             Mangled by Pikel (19 damage)
             ... on level 4 of the Dungeon.
             The game lasted 00:09:31 (3451 turns).

croobank the Chopper (Hill Orc Fighter)             Turns: 3451, Time: 00:09:32

Health: -6/66      AC:  8    Str: 27    XL:     7   Next: 17%
Magic:  7/7        EV:  9    Int:  8    God:
Gold:   146        SH:  4    Dex: 10    Spells: 6/6 levels left

rFire   . . .      SeeInvis .   a - +0 war axe
rCold   + . .      Faith    .   c - +0 buckler
rNeg    . . .      Spirit   .   j - +0 scale mail
rPois   .          Reflect  .   (no helmet)
rElec   .          Harm     .   (no cloak)
rCorr   .          Rampage  .   g - +0 pair of gloves
Will    .....                   (no boots)
Stlth   ..........              (no amulet)
HPRegen 0.21/turn               r - ring of protection from cold
MPRegen 0.10/turn               i - +6 ring of strength

@: no status effects
A: no striking features
a: no special abilities


You were on level 4 of the Dungeon.
You visited 1 branch of the dungeon, and saw 4 of its levels.

You collected 172 gold pieces.
You spent 26 gold pieces at shops.

Inventory:

Hand Weapons
 a - a +0 war axe (weapon)
 b - a +0 hunting sling
 l - a +1 antimagic scythe
Missiles
 e - 60 arrows
 h - 89 stones (quivered)
 q - 16 bolts
 s - 15 sling bullets
Armour
 c - a +0 buckler (worn)
 g - a +0 pair of gloves (worn)
 j - a +0 scale mail (worn)
Jewellery
 i - a +6 ring of strength (right hand)
 r - a ring of protection from cold (left hand)
Scrolls
 f - 2 scrolls of vulnerability {unknown}
 n - 2 scrolls of fear {unknown}
 o - a scroll of amnesia {unknown}
 p - a scroll of teleportation {unknown}
Potions
 d - 2 potions of might
 k - a potion of curing
 m - a potion of heal wounds {unknown}


   Skills:
 - Level 7.1 Fighting
 + Level 7.1 Axes
 - Level 3.4 Armour
 - Level 3.4 Shields


You had 6 spell levels left.
You didn't know any spells.
Your spell library contained the following spells:

 Spells                   Type           Power      Damage    Failure   Level
 Apportation              Tloc           0%         N/A       77%         1
 Confusing Touch          Hex            0%         N/A       98%         3
 Alistair's Intoxication  Tmut/Pois      0%         N/A       100%        5
 Yara's Violent Unravell  Hex/Tmut       0%         3d3       100%        5
 Enfeeble                 Hex            0%         N/A       100%        7


Dungeon Overview and Level Annotations

Branches:
Dungeon (4/15)
 Temple: D:4-7

Altars:
Fedhas
Hepliaklqana
Okawaru
Xom

Shops:
D:1 *

Annotations:
D:4 Pikel


Message History

There is an open door here.
A lemure comes into view.
An adder comes into view.
The lemure hits you.
The lemure shouts!
There is an open door here.
There is a fountain of clear blue water here.
The adder hisses angrily.
You slash the lemure!
The lemure is heavily wounded.
You hit the lemure.
The lemure is lightly wounded.
You closely miss the lemure. The lemure misses you.
You slash Pikel!
Pikel is moderately wounded.
You hit the lemure. You barely miss the lemure. The lemure hits you.
You block the lemure's attack.
Pikel says, "Antaeus said I was his favorite kobold.
Me!"
Pikel hits you with a +0 whip of electrocution.
You are electrocuted!
You hit Pikel.
Pikel is heavily wounded.
You closely miss the lemure. You barely miss the lemure.
You block the lemure's attack. The lemure hits you. Pikel closely misses you.
You completely miss Pikel.
Pikel is heavily wounded.
You slash the lemure! You hit the lemure. You block the lemure's attack.
The lemure hits you but does no damage.
Pikel hits you with a +0 whip of electrocution.
You are electrocuted!
* * * LOW HITPOINT WARNING * * *
The lemure hits you.
* * * LOW HITPOINT WARNING * * *
Okay, then.
Okay, then.
Okay, then.
It was a potion of curing.
You feel better. The lemure barely misses you.
Pikel hits you with a +0 whip of electrocution.
* * * LOW HITPOINT WARNING * * *
You are electrocuted!!
You die...

#+# # . ##.## .# ..
##.⌠.## .#### ...
........##.....##....#....
.......##...'...##$..)....
.......#...#'#..5#5.......
)......+⌠.##.##.@K5..#
.......#.##...##5#S..#
...<.#.###.....###...#
.......##..#....##..<#
...#...#..##.##..#....#
.#...#...#...# #......#
...#.####..### #......
..##.####.## ###..#....#
..§......[###.... #


You could see Pikel, 4 lemures and an adder.

Vanquished Creatures
  Sigmund (D:2)
  3 vampire bats (D:3)
  2 jellies
  Terence (D:2)
  A hound skeleton (D:4)
  4 adders
  2 worms (D:1)
  3 dart slugs
  6 orcs
  4 ball pythons
  9 bats
  6 endoplasms
  3 giant cockroaches
  7 goblins
  5 hobgoblins
  7 jackals
  2 quokkas
  3 frilled lizards
  5 kobolds
  3 rats
77 creatures vanquished.

Notes
Turn   | Place    | Note
-------+----------+-------------------------------------------
     0 | D:1      | croobank the Hill Orc Fighter began the quest for the Orb.
     0 | D:1      | Reached XP level 1. HP: 19/19 MP: 1/1
   393 | D:1      | Reached XP level 2. HP: 22/27 MP: 2/2
   927 | D:1      | Reached XP level 3. HP: 33/33 MP: 3/3
  1141 | D:1      | Found Oprist's General Store.
  1145 | D:1      | Bought a scroll of identify for 26 gold pieces
  1510 | D:2      | Found a faded altar of an unknown god.
  1631 | D:2      | Noticed Sigmund
  1645 | D:2      | Killed Sigmund
  1646 | D:2      | Reached skill level 5 in Fighting
  1646 | D:2      | Reached skill level 5 in Axes
  1646 | D:2      | Reached XP level 4. HP: 28/44 MP: 0/4
  1646 | D:2      | Reached XP level 5. HP: 32/50 MP: 0/5
  1657 | D:2      | Reached XP level 6. HP: 39/57 MP: 1/6
  1888 | D:2      | Noticed Terence
  1898 | D:2      | Killed Terence
  2027 | D:2      | Found a blossoming altar of Fedhas.
  2400 | D:3      | Found a hazy altar of Hepliaklqana.
  2488 | D:3      | Found an iron altar of Okawaru.
  2903 | D:3      | Reached XP level 7. HP: 45/64 MP: 7/7
  3380 | D:4      | Found a shimmering altar of Xom.
  3442 | D:4      | Noticed Pikel
  3451 | D:4      | Mangled by Pikel

Illustrated notes

Levels and vault maps discovered:
D:1:      ncdulo_watergridlock, layout_loops_corners, serial_shops,
          nicolae_shop_behind_doors
D:2:      layout_rooms, chequers_ecumenical_altar_twisty, basic_altar,
          uniq_sigmund, uniq_terence
D:3:      layout_basic, okawaru_trees_1, mainiacjoe_overflow_small_starburst,
          roderic_batcave
D:4:      layout_rooms, mainiacjoe_overflow_concentric_impassable,
          chequers_decorated_corner, grunt_decor_arrowhead, uniq_pikel

Skill      XL: |  1  2  3  4  5  6  7 |
---------------+----------------------+-----
Axes           | 3 5 6 7 |  7.1
Fighting       | 4 5 6 7 |  7.1
Armour         | |  3.4
Shields        | |  3.4

Action                   |  1- 3 |  4- 6 |  7- 9 || total
-------------------------+-------+-------+-------++-------
Melee: War axe           |   116 |   113 |    21 ||   250
  Use: Potion            |     1 |       |     1 ||     2
       Scroll            |     1 |       |       ||     1
Armor: Scale mail        |    55 |    74 |     5 ||   134
Dodge: Dodged            |    65 |    69 |    11 ||   145
Block: Buckler           |    24 |    31 |     7 ||    62
